 Dungeon Crawl Stone Soup version 0.32-a0-868-g153ae1a8d6 (webtiles) character file.

Game seed: 17037534988994418258

2452 ezpacito the Chopper (level 9, -3/69 HPs)
             Began as a Coglin Chaos Knight on Mar 28, 2024.
             Was a Plaything of Xom.
             Slain by an orc warrior
             ... wielding a +3 morningstar
              (27 damage)
             ... on level 7 of the Dungeon.
             The game lasted 00:11:36 (5882 turns).

ezpacito the Chopper (Coglin Chaos Knight)          Turns: 5882, Time: 00:11:37

Health: -3/69      AC: 13    Str: 16    XL:     9   Next: 50%
Magic:  13/13      EV: 12    Int:  8    God:    Xom [.*....]
Gold:   198        SH:  0    Dex: 13    Spells: 0/13 levels left

rFire   + + +        d - +4 whip of Descent {spect, rF++ Int-5 SInv}
rCold   . . .        a - +0 hand axe (chaos) {Francisca}
rNeg    . . .        u - +3 leather armour {rF+}
rPois   .            x - +1 helmet
rElec   .            o - +0 cloak
rCorr   .            (no gloves)
SInv    +            y - +2 pair of boots {Fly}
Will    .....        (amulet unavailable)
Stlth   ++           (ring unavailable)
HPRegen 0.31/turn    (ring unavailable)
MPRegen 0.13/turn    (no gizmo)

%: no passive effects
@: flying, revved
A: off-hand wielding, slow wielding, warmup strikes, no jewellery
a: Invent Gizmo, Renounce Religion


You were on level 7 of the Dungeon.
You worshipped Xom.
You were a plaything of Xom.
You visited 2 branches of the dungeon, and saw 9 of its levels.

You collected 514 gold pieces.
You spent 316 gold pieces at shops.

Inventory:

Hand Weapons
 a - a +0 hand axe of chaos (offhand) {Francisca}
 d - the +4 whip of Descent (weapon) {spect, rF++ Int-5 SInv}
   (You found it on level 7 of the Dungeon)

   Int-5:     It affects your intelligence (-5).
   rF++:      It greatly protects you from fire.
   SInv:      It lets you see invisible.
 s - a +2 dagger of venom {Ai}
 w - a +0 trident
 B - a +4 flail {Kazuki}
Missiles
 g - 2 darts of dispersal
 z - 15 poisoned darts (quivered)
Armour
 o - a +0 cloak (worn)
 u - a +3 leather armour of fire resistance (worn)
 x - a +1 helmet (worn)
 y - a +2 pair of boots of flying (worn)
Talismans
 c - a maw talisman
 h - a beast talisman
Wands
 b - a wand of flame (29)
Scrolls
 e - a scroll of blinking {unknown}
 f - a scroll of revelation {unknown}
 j - a scroll of brand weapon {unknown}
 q - a scroll of noise
 r - 3 scrolls of immolation
 t - 4 scrolls of teleportation
 v - a scroll of fog {unknown}
 D - 2 scrolls of amnesia
Potions
 k - 4 potions of mutation
 n - 2 potions of resistance
 p - a potion of lignification
 A - a potion of cancellation
 C - a potion of enlightenment


   Skills:
 * Level 5.8 Fighting
 * Level 5.8(6.4) Axes
 + Level 3.3(4.8) Polearms
 * Level 5.0 Armour
 * Level 4.7 Dodging
 + Level 3.1 Stealth
 + Level 2.7 Spellcasting
 + Level 0.2 Necromancy
 + Level 0.3 Alchemy
 + Level 3.1 Evocations


You couldn't memorise any spells.
You knew the following spells:

 Your Spells              Type           Power      Damage    Failure   Level
a - Mercury Vapours       Alch/Air       2%         N/A       50%         2
b - Tukima's Dance        Hex            1%         N/A       75%         3
c - Necrotise             Necr           4%         1d4       34%         1
d - Petrify               Alch/Erth      1%         N/A       98%         4
x - Mephitic Cloud        Conj/Alch/Air  1%         N/A       75%         3

Your spell library contained the following spells:

 Spells                   Type           Power      Damage    Failure   Level
 Shock                    Conj/Air       4%         1d3       36%         1
 Sublimation of Blood     Necr           1%         N/A       47%         2
 Vampiric Draining        Necr           1%         2d6       71%         3
 Frozen Ramparts          Ice            2%         1d1       75%         3
 Ozocubu's Armour         Ice            1%         N/A       75%         3
 Swiftness                Air            1%         N/A       75%         3
 Airstrike                Air            0%         2d(1-17)  98%         4
 Dimensional Bullseye     Hex/Tloc       0%         N/A       98%         4
 Iskenderun's Mystic Bla Conj/Tloc 1%             2d3        (+2d1     98%         4
 Martyr's Knell           Necr/Summ      1%         N/A       98%         4
 Vhi's Electric Charge    Tloc/Air       2%         N/A       98%         4
 Arcjolt                  Conj/Air       0%         1d10      100%        5
 Curse of Agony           Necr           1%         N/A       100%        5
 Freezing Cloud           Conj/Ice/Air   0%         6-21      100%        5
 Irradiate                Conj/Alch      0%         3d11      100%        5
 Metabolic Englaciation   Hex/Ice        0%         N/A       100%        5
 Plasma Beam              Fire/Air       0%         2x1d10    100%        6


Dungeon Overview and Level Annotations

Branches:
Dungeon (8/15)             Temple (1/1) D:6
   Lair: D:8-11

Altars:
Ashenzari
Cheibriados
Dithmenos
Elyvilon
Fedhas
Gozag
Hepliaklqana
Kikubaaqudgha
Makhleb
Nemelex Xobeh
Okawaru
Qazlal
Ru
Sif Muna
Trog
Uskayaw
Vehumet
Wu Jian
Xom
Yredelemnul
Zin
The Shining One

Shops:
D:1 [*(   D:5 :*   D:6 [!:(


Innate Abilities, Weirdness & Mutations

You can wield a second weapon in your off-hand.
It takes a long time for you to wield or remove held weapons.
Your first few attacks do less damage.
You cannot equip rings or amulets.


Message History

Your +4 whip of Descent {spect, rF++ Int-5 SInv} hits the orc warrior but does no damage.
The orc warrior hits you but does no damage.
You closely miss the orc warrior with the +4 whip of Descent.
The orc warrior is lightly wounded.
You hit the orc warrior but do no damage.
The orc warrior seems to slow down.
Your +4 whip of Descent {spect, rF++ Int-5 SInv} completely misses the orc warrior.
You hit the orc warrior but do no damage.
The orc warrior is poisoned.
The orc warrior is lightly wounded.
You closely miss the orc warrior with the +4 whip of Descent.
Your +4 whip of Descent {spect, rF++ Int-5 SInv} closely misses the orc warrior.
The orc warrior hits you with a +3 morningstar!
You take 10 damage, and have 23/69 hp.
You hit the orc warrior but do no damage.
The orc warrior is lightly wounded.
You barely miss the orc warrior with the +4 whip of Descent.
Your +4 whip of Descent {spect, rF++ Int-5 SInv} completely misses the orc warrior.
The orc warrior is no longer weakened.
You barely miss the orc warrior with the +4 whip of Descent.
The orc warrior is lightly wounded.
You barely miss the orc warrior with your +0 hand axe of chaos.
Your +4 whip of Descent {spect, rF++ Int-5 SInv} hits the orc warrior but does no damage.
The orc warrior barely misses you.
You hit the orc warrior with the +4 whip of Descent.
The orc warrior is moderately wounded.
You hit the orc warrior but do no damage.
Your +4 whip of Descent {spect, rF++ Int-5 SInv} barely misses the orc warrior.
You hit the orc warrior but do no damage.
The orc warrior looks as sick as possible!
The orc warrior is moderately wounded.
You hit the orc warrior but do no damage.
Your +4 whip of Descent {spect, rF++ Int-5 SInv} hits the orc warrior but does no damage.
The orc warrior closely misses you.
You closely miss the orc warrior with the +4 whip of Descent.
The orc warrior is moderately wounded.
You hit the orc warrior with your +0 hand axe of chaos.
Your +4 whip of Descent {spect, rF++ Int-5 SInv} hits the orc warrior but does no damage.
The orc warrior hits you with a +3 morningstar!!
You die...

.†....#..##..##..#
......#..#...'...#
......#..#...##..#
......#..#...##..#
......#..##..#...#
......#..##..##..#
......#..##..##.)#
......#......')()#
......#......#)o@#
......############
#######


You could see an orc warrior (strong, extremely poisoned, slow) and a friendly
+4 whip of Descent {spect, rF++ Int-5 SInv}.

Vanquished Creatures
  Grinder (D:3)
  Eustachio (D:4)
  A steam dragon (D:7)
  3 water moccasins
  2 sky beasts
  A phantom (D:3)
  A centaur (D:6)
  3 scorpions
  A bullfrog (D:6)
  4 killer bees (D:7)
  A howler monkey (D:4)
  A hound (D:4)
  5 orc priests
  A bombardier beetle (D:5)
  5 jellies
  3 iguanas
  A sleepcap (D:7)
  Natasha (thrice) (D:4)
  3 orc wizards
  Robin (D:4)
  7 gnolls
  5 adders
  A white imp (D:6)
  4 dart slugs
  A ribbon worm (D:2)
  30 orcs
  6 bats
  7 endoplasms
  2 giant cockroaches
  15 goblins
  11 hobgoblins
  3 jackals (D:1)
  5 kobolds
  4 quokkas
  5 ball pythons
  6 frilled lizards
  6 rats
160 creatures vanquished.

Vanquished Creatures (collateral kills)
  An orc (D:6)
1 creature vanquished.

Vanquished Creatures (others)
  An orc zombie (D:4)
1 creature vanquished.

Grand Total: 162 creatures vanquished

Notes
Turn   | Place    | Note
-------+----------+-------------------------------------------
     0 | D:1      | ezpacito the Coglin Chaos Knight began the quest for the
                  | Orb.
     0 | D:1      | Reached XP level 1. HP: 18/18 MP: 1/1
    42 | D:1      | Reached skill level 1 in Dodging
    51 | D:1      | XOM: butterfly on damage
    54 | D:1      | Reached XP level 2. HP: 10/24 MP: 2/2
    80 | D:1      | XOM: silly message
   271 | D:1      | Reached XP level 3. HP: 29/29 MP: 3/3
   310 | D:1      | Found Agyatiba's Antique Weapon Boutique.
   324 | D:1      | XOM: confuse monster(s)
   374 | D:1      | Found Qihieg's Armour Shoppe.
   385 | D:1      | Found Eprye's General Store.
   394 | D:1      | Bought a potion of degeneration for 11 gold pieces
   394 | D:1      | Bought a scroll of identify for 22 gold pieces
   400 | D:1      | Found Tepinn's Book Boutique.
   478 | D:1      | Found a faded altar of an unknown god.
   679 | D:2      | Reached XP level 4. HP: 35/35 MP: 4/4
  1055 | D:2      | XOM: divination: magic mapping
  1162 | D:3      | XOM: silly message
  1199 | D:3      | Found an opulent altar of Gozag.
  1208 | D:3      | Reached skill level 1 in Polearms
  1287 | D:3      | XOM: chaos upgrade
  1403 | D:3      | Reached XP level 5. HP: 41/41 MP: 6/6
  1406 | D:3      | Reached skill level 1 in Stealth
  1423 | D:3      | Noticed Grinder
  1423 | D:3      | XOM: 8-stop teleportation journey
  1534 | D:3      | Noticed a phantom
  1561 | D:3      | Killed a phantom
  1562 | D:3      | Reached skill level 1 in Spellcasting
  1562 | D:3      | Reached XP level 6. HP: 48/48 MP: 7/7
  1777 | D:3      | Paralysed by Grinder for 3 turns
  1789 | D:3      | XOM: enchant monster (good)
  1791 | D:3      | Killed Grinder
  1792 | D:3      | Reached XP level 7. HP: 38/54 MP: 7/9
  2076 | D:4      | XOM: silly message
  2077 | D:4      | Noticed Robin
  2092 | D:4      | Killed Robin
  2306 | D:4      | Found a hazy altar of Hepliaklqana.
  2496 | D:4      | Noticed Eustachio
  2517 | D:4      | Killed Eustachio
  2564 | D:4      | Noticed Natasha
  2569 | D:4      | Killed Natasha
  2570 | D:4      | Reached XP level 8. HP: 61/61 MP: 10/10
  2582 | D:4      | Found a sacrificial altar of Ru.
  2808 | D:4      | XOM: silly message
  2826 | D:4      | Noticed Natasha
  2835 | D:4      | Killed Natasha
  2985 | D:5      | Entered Level 5 of the Dungeon
  3009 | D:4      | Noticed Natasha
  3016 | D:4      | Killed Natasha
  3132 | D:5      | Found a stormy altar of Qazlal.
  3148 | D:5      | XOM: confuse monster(s)
  3158 | D:5      | XOM: noise
  3162 | D:5      | Reached skill level 1 in Evocations
  3200 | D:5      | Reached skill level 5 in Fighting
  3200 | D:5      | Reached skill level 5 in Axes
  3271 | D:5      | Found a white marble altar of Elyvilon.
  3271 | D:5      | Found Mawn's General Store.
  3271 | D:5      | XOM: 7-stop teleportation journey
  3427 | D:5      | Found Mulurrot's Book Shop.
  3584 | D:1      | Bought a scroll of identify for 22 gold pieces
  3594 | D:1      | Bought a +0 pair of boots of flying for 126 gold pieces
  3687 | D:6      | Found a hide-covered altar of Uskayaw.
  3800 | D:6      | XOM: 2-stop teleportation journey
  3833 | D:6      | Found a staircase to the Ecumenical Temple.
  3848 | Temple   | Entered the Ecumenical Temple
  3859 | D:6      | Found Qeoc Metikk's Armour Boutique.
  3862 | D:6      | Found Cisegh's Book Boutique.
  3881 | D:6      | XOM: confusion (+ monsters)
  3882 | D:6      | XOM: summons friendly crimson imp
  3906 | D:6      | Found Ulucriar's Weapon Boutique.
  3913 | D:6      | Found a blossoming altar of Fedhas.
  3913 | D:6      | Found Tilaiwor's Distillery.
  3916 | D:6      | XOM: 3-stop teleportation journey
  4155 | D:6      | XOM: blink monster(s)
  4276 | D:6      | XOM: silly message
  4340 | D:6      | Reached XP level 9. HP: 56/68 MP: 12/12
  4473 | D:6      | XOM: divination: detect creatures
  4527 | D:6      | Bought a potion of enlightenment for 65 gold pieces
  4527 | D:6      | Bought a potion of might for 52 gold pieces
  4528 | D:6      | XOM: divination: magic mapping
  4550 | D:6      | Bought 2 poisoned darts for 18 gold pieces
  4743 | D:7      | XOM: divination: detect creatures
  4759 | D:7      | HP: 3/68 [poisoned by a killer bee]
  4760 | D:7      | XOM: potion effect (heal wounds)
  5188 | D:7      | Found a basalt altar of Yredelemnul.
  5220 | D:7      | XOM: polymorph killer bee -> hobgoblin
  5260 | D:7      | XOM: smoke on damage
  5329 | D:7      | Found a shimmering blue altar of Sif Muna.
  5345 | D:7      | Identified the +4 whip of Descent {spect, rF++ Int-5 SInv}
  5697 | D:7      | Learned a level 2 spell: Mercury Vapours
  5701 | D:7      | Learned a level 3 spell: Mephitic Cloud
  5705 | D:7      | Learned a level 3 spell: Tukima's Dance
  5707 | D:7      | Learned a level 1 spell: Necrotise
  5712 | D:7      | Learned a level 4 spell: Petrify
  5743 | D:7      | Reached skill level 5 in Armour
  5882 | D:7      | Slain by an orc warrior

Illustrated notes

Levels and vault maps discovered:
D:1:      amcnicky_arrival_flooded_fountain, layout_rooms,
          basic_ecumenical_altar, serial_shops, nicolae_shop_rolling_square,
          shop, shop, nicolae_shop_just_a_little_nook
D:2:      layout_rooms
D:3:      minmay_inner_zag, layout_basic, nicolae_gozag_seed_capital,
          uniq_grinder
D:4:      layout_basic, mainiacjoe_overflow_alcove_1,
          nicolae_hepliaklqana_hazy_memory, minivault_24, uniq_robin,
          uniq_eustachio, uniq_natasha
D:5:      layout_gridville, amcnicky_altar_gilded,
          nicolae_qazlal_eye_of_the_storm, serial_shops,
          nicolae_shop_hallway_plus, kennysheep_minor_cross,
          nicolae_take_the_stairs, nrook_mini_backslash
D:6:      layout_loops_ring, fedhas_altar_3, nicolae_overflow_crystal_walls,
          minmay_temple_entry_overgrown, kb_lookout_dungeons_type,
          minmay_shop_grid_forest
D:7:      layout_gridville, general_overflow_altar,
          nicolae_sif_muna_condensation
D:8:      layout_rooms, enter_bailey_5
Temple:   nicolae_temple_god_jail

Skill      XL: |  1  2  3  4  5  6  7  8  9 |
---------------+----------------------------+-----
Dodging        | 1 2 3 4 |  4.7
Armour         | 2 3 4 5 |  5.0
Polearms       | 1 2 3 |  3.3
Stealth        | 1 2 3 |  3.1
Spellcasting   | 1 2 |  2.7
Fighting       | 4 5 |  5.8
Axes           | 4 5 |  5.8
Evocations     | 2 3 |  3.1
Necromancy     | |  0.2
Alchemy        | |  0.3

Action                     |  1- 3 |  4- 6 |  7- 9 || total
---------------------------+-------+-------+-------++-------
  Melee: Dagger            |    12 |    47 |   176 ||   235
         Hand axe          |    30 |   106 |   253 ||   389
         Rapier            |    18 |    58 |       ||    76
         Flail             |       |       |    39 ||    39
         Whip              |       |       |    34 ||    34
  Evoke: Wand              |       |       |     1 ||     1
    Use: Scroll            |       |     5 |    16 ||    21
         Potion            |       |       |     8 ||     8
   Stab: Confused          |     1 |     1 |     2 ||     4
         Sleeping          |     1 |     3 |     3 ||     7
         Invisible         |       |       |     1 ||     1
         Petrifying        |       |       |     1 ||     1
         Paralysed         |       |       |     1 ||     1
 Armour: Leather armour    |    27 |    50 |   270 ||   347
  Dodge: Dodged            |    20 |    60 |   205 ||   285

Table legend: (Time is in decaauts)
 A = Elapsed time spent in this place.
 B = Non-inter-level travel time spent in this place.
 C = Inter-level travel time spent in this place.
 D = Time resting spent in this place.
 E = Time spent auto-exploring this place.
 F = Levels seen in this place.
 G = Mean time per level.
                   A        B        C        D        E       F      G
               +--------+--------+--------+--------+--------+-----+--------+
         Total |   5930 |   5405 |    525 |    264 |   3856 |   9 |  658.9 |
       Dungeon |   5929 |   5405 |    524 |    264 |   3856 |   8 |  741.1 |
        Temple |      1 |      1 |      0 |      0 |      0 |   1 |    1.0 |
               +--------+--------+--------+--------+--------+-----+--------+

Top non-repeatable levels by time:
     D:7: 1139 daAuts
     D:6: 1066 daAuts
     D:4: 1010 daAuts
     D:3: 951 daAuts
     D:1: 752 daAuts
     D:2: 500 daAuts
     D:5: 497 daAuts
     D:8: 9 daAuts
  Temple: 1 daAuts
